Map: Acid Plant LE

Players

Aiur

  • Race: Protoss Protoss
  • League: Master
  • Spawn Location: 11:00

RexRequired - Winner!

  • Race: Terran Terran
  • League: Master
  • Spawn Location: 5:00

VOD

Have the link to the VOD?

Description

Time

  • Played on: Oct. 1, 2018, 5:41 p.m.
  • Length: 8:11
Show
View Real Time Build Order
Export as new Build Order

Aiur Protoss 

Build Orders: 1 Gate Expand, Oracle Opening 

Get SALT Encoding   

  12  0:01  Probe  
  13  0:13  Probe  
  14  0:19  Pylon  
  14  0:25  Probe  
  15  0:33  Probe  
  15  0:39  Gateway  
  15  0:41  Probe  
  16  0:47  Assimilator  
  17  0:52  Probe  
  18  1:04  Probe  
  19  1:16  Probe  
  20  1:27  Nexus  
  20  1:37  Cybernetics Core  
  20  1:39  Probe  
  21  1:46  Assimilator  
  21  1:51  Probe  
  22  1:58  Pylon  
  22  2:04  Probe  
  22  2:07  Stalker  
  23  2:15  Warp Gate  
  23  2:18  Probe  
  26  2:30  Stargate  
  26  2:33  Probe  
  27  2:38  Probe  
  27  2:41  Probe  
  28  2:47  Stalker, Probe  
  28  2:49  Probe  
  32  2:56  Probe  
  33  2:59  Probe  
  33  3:04  Oracle  
  35  3:08  Probe  
  36  3:13  Probe  
  40  3:20  Probe  
  40  3:25  Probe  
  42  3:31  Pylon, Gateway  
  42  3:35  Probe  
  42  3:36  Gateway  
  42  3:37  Probe  
  44  3:41  Pylon  
  44  3:42  Oracle  
  44  3:45  Shield Battery  
  44  3:48  Probe  
  45  3:49  Probe  
  49  4:00  Probe  
  49  4:01  Probe  
  48  4:12  Probe  
  48  4:13  Probe  
  50  4:18  Nexus  
  50  4:23  Phoenix  
  52  4:28  Pylon  
  52  4:29  Probe x2  
  54  4:36  Stalker  
  54  4:37  Stalker  
  58  4:52  Probe x2  
  60  4:57  Pylon  
  60  5:04  Stalker, Pylon  
  62  5:08  Assimilator  
  62  5:13  Assimilator  
  62  5:15  Probe, Forge  
  62  5:16  Twilight Council, Probe  
  64  5:25  Blink  
  64  5:27  Probe  
  65  5:31  Stalker x2  
  65  5:35  Stalker  
  71  5:36  Protoss Ground Weapons Level 1  
  71  5:38  Probe x3  
  74  5:43  Gateway  
  74  5:45  Gateway  
  74  5:46  Probe  
  74  5:47  Gateway  
  74  5:48  Pylon  
  74  5:49  Probe x2  
  74  5:56  Probe  
  77  6:00  Probe  
  77  6:01  Pylon  
  79  6:10  Probe  
  79  6:11  Robotics Facility, Probe, Pylon  
  81  6:13  Probe  
  82  6:20  Sentry  
  82  6:23  Probe  
  82  6:24  Probe  
  82  6:25  Probe  
  87  6:28  Assimilator  
  87  6:32  Assimilator  
  87  6:35  Probe  
  88  6:43  Probe  
  88  6:44  Sentry x2, Stalker  
  88  6:46  Probe  
  96  6:47  Probe  
  97  6:55  Probe  
  97  6:58  Probe  
  97  6:59  Probe  
  100  7:02  Stalker x3  
  100  7:06  Pylon x2  
  100  7:08  Pylon  
  106  7:09  Stalker x2  
  106  7:10  Stalker  
  106  7:12  Pylon  
  106  7:13  Immortal  
  116  7:26  Gateway  
  116  7:28  Gateway  
  116  7:32  Robotics Facility, Gateway  
  116  7:34  Gateway  
  111  7:38  Robotics Bay  
  93  7:44  Stalker  
  93  7:45  Stalker  
  93  7:46  Stalker x2  
  70  8:00  Stalker x2  
Show
View Real Time Build Order
Export as new Build Order

RexRequired Terran - Winner!

Build Orders: Gas First Reaper Expand, Reaper Expand 

Get SALT Encoding   

  12  0:01  SCV  
  13  0:13  SCV  
  14  0:17  Supply Depot  
  14  0:25  SCV  
  15  0:28  Refinery  
  15  0:38  SCV  
  16  0:45  Barracks  
  16  0:51  SCV  
  17  1:03  SCV  
  18  1:15  SCV  
  19  1:32  Orbital Command, Reaper  
  20  1:47  Command Center  
  20  1:58  Factory  
  20  2:00  SCV  
  21  2:04  Refinery  
  21  2:08  Barracks Reactor  
  21  2:13  SCV  
  22  2:17  Supply Depot  
  22  2:25  SCV  
  23  2:38  SCV  
  23  2:43  Starport  
  24  2:46  Marine x2  
  24  2:47  Widow Mine  
  24  2:51  SCV  
  29  3:00  Orbital Command  
  29  3:03  SCV  
  29  3:05  Marine x2  
  31  3:09  Widow Mine  
  34  3:22  SCV  
  34  3:23  Marine x2  
  34  3:25  Supply Depot  
  34  3:26  SCV  
  37  3:28  Medivac  
  37  3:32  Widow Mine  
  41  3:35  SCV  
  41  3:38  SCV  
  43  3:42  Marine x2  
  43  3:47  SCV  
  46  3:50  SCV  
  47  3:59  SCV, Marine x2  
  47  4:02  SCV, Supply Depot  
  51  4:11  SCV  
  51  4:14  Barracks, SCV  
  51  4:17  Barracks, Marine  
  53  4:24  Marine, SCV  
  56  4:25  Engineering Bay  
  56  4:28  Starport Tech Lab, Factory Tech Lab, Supply Depot  
  56  4:30  SCV  
  57  4:36  SCV  
  58  4:38  Marine  
  58  4:41  Marine  
  58  4:43  SCV  
  61  4:48  SCV  
  62  4:56  SCV  
  62  4:57  Marine, Supply Depot, Refinery  
  62  4:59  Marine  
  65  5:00  SCV  
  65  5:01  Factory Reactor  
  65  5:02  Starport Reactor  
  65  5:05  Terran Infantry Weapons Level 1  
  66  5:08  Supply Depot  
  66  5:10  Combat Shield, Marine x2  
  66  5:11  Stimpack  
  66  5:13  SCV x2  
  70  5:19  Marine x2  
  72  5:25  SCV x2  
  78  5:28  Marauder x2  
  78  5:30  Supply Depot  
  78  5:32  Supply Depot  
  78  5:36  Marine x2  
  78  5:37  Widow Mine  
  78  5:38  Widow Mine  
  86  5:47  Supply Depot  
  84  5:51  Marauder  
  84  5:52  Marauder  
  84  5:53  Medivac x2  
  84  5:54  Marine x2  
  84  5:55  Supply Depot  
  94  5:59  Widow Mine x2, SCV x2, Refinery  
  100  6:12  Marine x3  
  100  6:14  Marauder  
  100  6:16  SCV x2  
  107  6:20  Widow Mine x2  
  107  6:23  Medivac x2  
  107  6:24  Supply Depot  
  115  6:29  Supply Depot  
  115  6:30  Marauder, Marine  
  115  6:31  Supply Depot  
  118  6:36  Concussive Shells  
  118  6:45  Marine  
  118  6:46  Marauder, Widow Mine x2  
  125  6:48  Marine  
  125  6:52  Marauder  
  125  6:53  Medivac x2  
  132  7:02  Supply Depot  
  132  7:03  Command Center, Marine  
  133  7:09  Supply Depot  
  133  7:12  Marauder  
  133  7:15  Marauder  
  137  7:16  Marine  
  138  7:28  Barracks  
  138  7:29  Barracks  
  131  7:46  Marine  
  131  7:47  Marauder  
  132  7:52  Marine  
  143  7:59  SCV x2  
  146  8:06  Supply Depot  
  148  8:10  Armory  
  148  8:11  Engineering Bay  
Tags
 
Add a new tag
Caveats
  • Supply blocks, unpowered buildings, or Contaminate may cause inaccurate times.
  • Supply counts are checked every 10 seconds.